 Dungeon Crawl Stone Soup version 0.19.0-22-gd96e5fe (webtiles) character file.

501 vev the Chopper (level 7, 0/60 HPs)
             Began as a Hill Orc Gladiator on Nov 19, 2016.
             Splashed by a jelly's acid (7 damage)
             ... on level 5 of the Dungeon.
             The game lasted 00:03:55 (4307 turns).

vev the Chopper (Hill Orc Gladiator)                Turns: 4307, Time: 00:03:57

Health: 0/60       AC: -3    Str: 18    XL:     7   Next: 17%
Magic:  7/7        EV:  4    Int:  8    God:
Gold:   216        SH: 13    Dex: 13    Spells: 0 memorised, 6 levels left

rFire  . . .     SeeInvis +     o - +0 hand axe (freeze)
rCold  . . .     Gourm    .     C - +0 chain mail
rNeg   . . .     Faith    .     y - +0 large shield
rPois  .         Spirit   .     u - +1 helmet
rElec  .         Reflect  .     l - +0 cloak
rCorr  .         Harm     .     (no gloves)
MR     .....                    (no boots)
Stlth  ..........               (no amulet)
                                (no ring)
                                r - ring of see invisible

@: corroded
A: no striking features
a: no special abilities


You were on level 5 of the Dungeon.
You were very hungry.

You visited 1 branch of the dungeon, and saw 5 of its levels.

You collected 216 gold pieces.

Inventory:

Hand Weapons
 a - a +0 war axe
 o - a +0 hand axe of freezing (weapon)
Missiles
 d - 3 throwing nets (quivered)
Armour
 l - a +0 cloak (worn)
 u - a +1 helmet (worn)
 y - a +0 large shield (worn)
 C - a +0 chain mail (worn)
Jewellery
 r - a ring of see invisible (left hand)
Scrolls
 e - a scroll of teleportation
 i - 3 scrolls of remove curse {unknown}
 j - 5 scrolls of identify {unknown}
 t - a scroll of recharging
 B - a scroll of immolation {unknown}
Potions
 b - a potion of resistance {unknown}
 g - 2 potions of curing {unknown}
 h - 2 potions of might {unknown}
 k - a potion of degeneration {unknown}
 q - a potion of magic {unknown}
 s - a potion of beneficial mutation {unknown}
 w - a potion of brilliance {unknown}
 z - 2 potions of ambrosia {unknown}
Comestibles
 f - 6 bread rations
 m - a slice of pizza
 n - a meat ration
 p - a royal jelly
 x - 3 beef jerkies


   Skills:
 + Level 4.3 Fighting
 * Level 6.8 Axes
 - Level 1.7 Throwing
 + Level 3.4 Armour
 + Level 3.3 Dodging
 * Level 2.3 Shields


You had 6 spell levels left.
You didn't know any spells.

Dungeon Overview and Level Annotations

Branches:
Dungeon (5/15)
 Temple: D:4-7

Altars:
Nemelex Xobeh


Message History

The jelly is heavily wounded.
You block the jelly's attack.
You are too injured to fight recklessly!
You hit the jelly but do no damage. The acid corrodes you!
Your hands burn!
* * * LOW HITPOINT WARNING * * *
The jelly is heavily wounded.
You block the jelly's attack.
You are too injured to fight recklessly!
You hit the jelly. You freeze the jelly.
Your hands burn!
* * * LOW HITPOINT WARNING * * *
The jelly is severely wounded.
You block the jelly's attack.
You are too injured to fight recklessly!
You hit the jelly but do no damage. The acid corrodes you!
Your hands burn!
* * * LOW HITPOINT WARNING * * *
The jelly is severely wounded.
The jelly hits you.
* * * LOW HITPOINT WARNING * * *
You are splashed with acid!
The acid burns!
You die...

.# #.. ...# #.. ..###
#.# ....# #.# ....#
#######.# #...# ##.
........########...#....
...............'........
..............##@".#.##
##.##..###....##J..#
##.###.# #..<.##...#
...# #..##....##...#
#######.##....##...#
......#.##....##...#
......#.##....######
......#..#....#
......##.#<...#


You could see a jelly.

Vanquished Creatures
  An ogre (D:5)
  2 orc priests (D:4)
  Jessica (D:2)
  An iguana (D:4)
  Ijyb (D:3)
  2 orc wizards (D:4)
  A worker ant (D:4)
  A hound zombie (D:3)
  A hound skeleton (D:4)
  Robin (D:3)
  5 adders
  An ooze (D:1)
  3 worms
  A dart slug (D:3)
  4 leopard geckos
  13 orcs
  2 ball pythons
  8 bats
  7 giant cockroaches
  11 goblins
  6 hobgoblins
  6 jackals
  8 kobolds
  7 frilled lizards
  7 rats
101 creatures vanquished.

Notes
Turn   | Place    | Note
-------+----------+-------------------------------------------
     0 | D:1      | vev the Hill Orc Gladiator began the quest for the Orb.
     0 | D:1      | Reached XP level 1. HP: 18/18 MP: 1/1
    39 | D:1      | Reached XP level 2. HP: 17/25 MP: 2/2
   356 | D:1      | Reached XP level 3. HP: 30/30 MP: 3/3
   645 | D:2      | Reached skill level 3 in Fighting
   695 | D:2      | Reached skill level 1 in Armour
   829 | D:2      | Reached skill level 5 in Axes
   829 | D:2      | Reached XP level 4. HP: 12/38 MP: 4/4
  1054 | D:2      | Noticed Jessica
  1061 | D:2      | Killed Jessica
  1705 | D:3      | Reached XP level 5. HP: 45/45 MP: 5/5
  1709 | D:3      | Reached skill level 2 in Armour
  1709 | D:3      | Reached skill level 3 in Dodging
  1824 | D:3      | Noticed Ijyb
  1832 | D:3      | Killed Ijyb
  1866 | D:3      | Noticed Robin
  1902 | D:3      | Killed Robin
  2280 | D:3      | Reached skill level 6 in Axes
  2899 | D:4      | Reached XP level 6. HP: 50/52 MP: 6/6
  2973 | D:4      | Reached skill level 1 in Shields
  3369 | D:4      | Reached skill level 4 in Fighting
  3396 | D:4      | Found a sparkling altar of Nemelex Xobeh.
  3542 | D:4      | Reached skill level 3 in Armour
  3689 | D:4      | Reached skill level 2 in Shields
  3825 | D:5      | Entered Level 5 of the Dungeon
  3886 | D:5      | Reached XP level 7. HP: 14/59 MP: 7/7
  4307 | D:5      | Splashed by a jelly's acid

Skill      XL: |  1  2  3  4  5  6 |
---------------+-------------------+-----
Fighting       | 3 4 |  4.3
Armour         | 1 2 3 |  3.4
Axes           | 5 6 |  6.8
Dodging        | 3 |  3.3
Shields        | 2 |  2.3
Throwing       | |  1.7

Action                   |  1- 3 |  4- 6 |  7- 9 || total
-------------------------+-------+-------+-------++-------
Melee: War axe           |    65 |       |       ||    65
       Hand axe          |    21 |   279 |     9 ||   309
  Use: Scroll            |     2 |       |       ||     2
  Eat: Chunk             |       |    10 |       ||    10
Armor: Leather armour    |    34 |    73 |       ||   107
       Chain mail        |       |     9 |     2 ||    11
       Ring mail         |       |     3 |       ||     3
Dodge: Dodged            |    72 |   121 |       ||   193
Block: Large shield      |       |    41 |     5 ||    46
